 Dungeon Crawl Stone Soup version 0.25.1-2-g60ff931df9 (webtiles) character file.

Game seed: 3720270563347785189

15864 Cykl0x the Carver (level 12, -21/93 HPs)
             Began as a Formicid Fighter on Nov 12, 2020.
             Was a Priest of the Shining One.
             Killed from afar by a fire dragon (43 damage)
             ... with a blast of flame
             ... on level 14 of the Dungeon on Nov 13, 2020.
             The game lasted 00:37:56 (12106 turns).

Cykl0x the Carver (Formicid Fighter)               Turns: 12106, Time: 00:37:56

Health: -21/93     AC: 14    Str: 30    XL:     12   Next: 63%
Magic:  13/28      EV:  8    Int:  8    God:    the Shining One [***...]
Gold:   718        SH: 17    Dex: 10    Spells: 11/11 levels left

rFire    . . .     SeeInvis +   a - +2 great sword (vorpal)
rCold    . . .     Gourm    .   c - +0 kite shield
rNeg     + . .     Faith    .   g - +1 plate armour
rPois    .         Spirit   .   (helmet unavailable)
rElec    .         Reflect  +   I - scarf {repulsion}
rCorr    .         Harm     .   (no gloves)
MR       ++...                  (no boots)
Stlth    ..........             d - amulet of reflection
HPRegen  0.25/turn              q - ring of Ceagim {MP+9 Str+4}
MPRegen  0.21/turn              w - ring of protection from magic

@: lethally poisoned (-21 -> -23), glowing, repel missiles
A: permanent stasis, dig shafts and tunnels, four strong arms, antennae 3
a: Dig, Shaft Self, Divine Shield, Renounce Religion


You were on level 14 of the Dungeon.
You worshipped the Shining One.
The Shining One was most pleased with you.
You were near starving.

You visited 2 branches of the dungeon, and saw 15 of its levels.

You collected 743 gold pieces.
You donated 25 gold pieces to Zin.

Inventory:

Hand Weapons
 a - a +2 vorpal great sword (weapon)
 k - the +3 hunting sling of Ragnarok {vorpal, rPois rF+ MR++ Dex-3}
   (You found it on level 5 of the Dungeon)

   Any stone fired from it inflicts extra damage.
   It affects your dexterity (-3).
   It protects you from fire.
   It protects you from poison.
   It affects your resistance to hostile enchantments.
 r - a +2 dagger of venom
 x - a +2 scimitar
Missiles
 e - 262 stones
 u - 14 sling bullets
 A - 7 boomerangs (quivered)
Armour
 c - a +0 kite shield (worn)
 g - a +1 plate armour (worn)
 I - a scarf of repulsion (worn)
Jewellery
 d - an amulet of reflection (around neck)
 h - an uncursed ring of flight {unknown}
 i - an uncursed ring of ice
 m - an uncursed ring of wizardry {unknown}
 q - the ring of Ceagim (left hand) {MP+9 Str+4}
   (You found it on level 5 of the Dungeon)

   [ring of magical power]

   It affects your strength (+4).
   It affects your magic capacity (+9).
 w - a ring of protection from magic (right hand)
 D - an uncursed ring of protection from fire
Wands
 E - a wand of digging (6)
Scrolls
 b - 6 scrolls of amnesia
 l - a scroll of fog
 y - 4 scrolls of remove curse
 B - 2 scrolls of fear
 H - a scroll of immolation
Potions
 n - 2 potions of magic
 o - 3 potions of haste
 p - 2 potions of brilliance {unknown}
 s - 3 potions of lignification {unknown}
 t - a potion of stabbing {unknown}
 z - a potion of ambrosia {unknown}
 F - 2 potions of flight {unknown}
Comestibles
 f - 25 rations
 v - 6 chunks of flesh


   Skills:
 + Level 8.2 Fighting
 + Level 0.6(6.8) Short Blades
 + Level 10.7 Long Blades
 + Level 8.0(8.3) Slings
 + Level 2.7(5.4) Throwing
 + Level 7.8 Armour
 + Level 1.3 Dodging
 + Level 0.7 Stealth
 + Level 10.1 Shields
 * Level 9.7 Invocations


You had 11 spell levels left.
You didn't know any spells.
Your spell library contained the following spells:

 Spells                   Type           Power        Failure   Level  Hunger
 Confusing Touch          Hex            #.......     100%        3    ####...
 Gell's Gravitas          Tloc           #.........   100%        3    ####...
 Petrify                  Tmut/Erth      #.......     100%        4    #####..
 Metabolic Englaciation   Hex/Ice        #.........   100%        5    ######.
 Yara's Violent Unravell  Hex/Tmut       #.........   100%        5    ######.


Dungeon Overview and Level Annotations

Branches:
Dungeon (15/15)            Temple (1/1) D:4            Lair (0/6) D:8
 Vaults (0/5) D:14
    Orc: D:9-12      Depths: D:15

Altars:
Ashenzari
Cheibriados
Dithmenos
Elyvilon
Fedhas
Gozag
Hepliaklqana
Kikubaaqudgha
Makhleb
Nemelex Xobeh
Okawaru
Qazlal
Ru
Sif Muna
Trog
Uskayaw
Vehumet
Wu Jian
Xom
Yredelemnul
Zin
The Shining One

Shops:
D:6 :

Portals:
Bazaar: D:14


Innate Abilities, Weirdness & Mutations

You cannot be hasted, slowed, berserked, paralysed or teleported.
You can dig through walls and to a lower floor.
Your four strong arms can wield two-handed weapons with a shield.
You have a pair of large antennae on your head. (SInv)


Message History

You feel your power leaking away.
The kobold throws a poisoned dart.
The poisoned dart hits you!
You are poisoned.
You see here a poisoned dart.
Why would you want to do that?
You enter the shallow water.
Moving in this stuff is going to be slow.
You feel sick.
The kobold dies!
You block the centaur warrior skeleton's attack.
The eye of draining gazes at you.
You feel your power leaking away.
You block the centaur warrior skeleton's attack.
You block the kobold's attack.
The kobold throws a poisoned dart.
You reflect the poisoned dart off an invisible shield around you!
The poisoned dart barely misses the kobold.
You feel sick. The fire dragon breathes flames at you.
The blast of flame hits you!!!
You die...

#,*,*,*,*,,,,,,***,,,,,,,,,*
#*******,...............,,,*
#,,.# **#..............****
#...# #..............* F{..#
#............,,* ....#
#...........,,,* ....#
#....≈≈≈≈≈###,,* ....#
#...≈≈≈≈≈≈≈.#,,* ....#
#...≈≈>@<≈≈.#,,* ....#
#...≈KG§≈≈≈.#,,* ....#
#...KZK§≈≈..#,,*
....######...K.KD#...#*,*
(....K.(..F.....u#....#,*
u.....{....).....##+###,*
.....#.#######........,,*
....{##.#{.{##p#######***
.....###{###..##


You could see a vault guard, an eye of draining, a bullfrog, 5 kobolds and a
centaur warrior skeleton.

Vanquished Creatures
  Nessos (D:15)
  A hydra (D:11)
  Harold (D:8)
  A two-headed ogre (D:9)
  2 tengu warriors (D:11)
  An unseen horror (D:12)
  Pikel (D:9)
  An ugly thing (D:12)
  A manticore (D:11)
  A guardian serpent (D:12)
  4 trolls
  A hornet (D:12)
  A hippogriff (D:12)
  4 water elementals (D:11)
  A vampire (D:12)
  A wyvern (D:9)
  6 yaks
  Sigmund (D:4)
  An acid dragon (D:11)
  2 porcupines (D:8)
  3 phantoms
  3 slaves (D:9)
  6 sky beasts
  2 black bears (D:7)
  2 ice beasts (D:10)
  6 orc warriors
  3 ogres
  2 necrophages
  6 centaurs
  A big kobold (D:7)
  7 bullfrogs
  2 scorpions
  32 killer bees
  3 wights (D:6)
  A howler monkey (D:12)
  3 crimson imps
  3 hounds
  A quasit (D:12)
  8 orc priests
  2 centaur skeletons
  A jelly (D:7)
  14 orc wizards
  5 iguanas
  7 worker ants
  A killer bee zombie (D:7)
  A hound zombie (D:11)
  2 hound skeletons
  Robin (D:4)
  3 gnolls (D:6)
  6 adders
  A shadow imp (D:8)
  An ooze (D:4)
  4 worms
  4 dart slugs
  5 leopard geckos
  31 orcs
  3 giant cockroaches
  23 goblins
  8 hobgoblins
  5 quokkas
  3 ball pythons
  7 bats
  2 frilled lizards
  9 kobolds
  2 leopard gecko skeletons
  6 rats
284 creatures vanquished.

Vanquished Creatures (others)
  A kobold (D:14)
  3 fungi (D:8)
4 creatures vanquished.

Grand Total: 288 creatures vanquished

Notes
Turn   | Place    | Note
-------+----------+-------------------------------------------
     0 | D:1      | Cykl0x the Formicid Fighter began the quest for the Orb.
     0 | D:1      | Reached XP level 1. HP: 18/18 MP: 1/1
    73 | D:1      | Reached XP level 2. HP: 24/24 MP: 2/2
   558 | D:1      | Reached XP level 3. HP: 29/29 MP: 3/3
   881 | D:2      | Reached skill level 1 in Throwing
   881 | D:2      | Reached XP level 4. HP: 18/36 MP: 4/4
  1127 | D:2      | Found a basalt altar of Yredelemnul.
  1615 | D:2      | Found a faded altar of an unknown god.
  1731 | D:2      | Found a snail-covered altar of Cheibriados.
  1980 | D:3      | Found a stormy altar of Qazlal.
  2089 | D:3      | Noticed an ogre
  2104 | D:3      | Killed an ogre
  2104 | D:3      | Reached XP level 5. HP: 14/42 MP: 5/5
  2324 | D:3      | Reached XP level 6. HP: 39/48 MP: 6/6
  2500 | D:3      | Found a sacrificial altar of Ru.
  3431 | D:4      | Noticed Robin
  3446 | D:4      | Killed Robin
  3490 | D:4      | Found a staircase to the Ecumenical Temple.
  3490 | D:4      | Noticed Sigmund
  3508 | D:4      | Killed Sigmund
  3508 | D:4      | Reached skill level 5 in Shields
  3508 | D:4      | Reached XP level 7. HP: 54/54 MP: 7/7
  3538 | Temple   | Entered the Ecumenical Temple
  3846 | Temple   | Became a worshipper of Zin the Law-Giver
  3846 | Temple   | Reached * piety under Zin
  4084 | D:4      | Found a sparkling altar of Nemelex Xobeh.
  4313 | D:4      | Reached skill level 5 in Long Blades
  4354 | D:4      | Found a white marble altar of Elyvilon.
  4519 | D:5      | Entered Level 5 of the Dungeon
  4534 | D:5      | Found a sparkling altar of Nemelex Xobeh.
  4536 | D:5      | Found a bloodstained altar of Trog.
  4595 | D:5      | Reached skill level 1 in Dodging
  4595 | D:5      | Reached XP level 8. HP: 49/61 MP: 8/8
  4671 | D:5      | Got a faintly glowing hunting sling
  4672 | D:5      | Identified the +3 hunting sling of Ragnarok {vorpal, rPois
                  | rF+ MR++ Dex-3} (You found it on level 5 of the Dungeon)
  4729 | D:5      | Got an ancient iron ring
  4730 | D:5      | Identified the ring of Ceagim {MP+9 Str+4} (You found it on
                  | level 5 of the Dungeon)
  4965 | D:5      | Found an iron altar of Okawaru.
  5029 | D:5      | Reached skill level 5 in Armour
  5052 | D:5      | Reached skill level 1 in Slings
  5064 | D:5      | Found a glowing golden altar of the Shining One.
  5070 | D:5      | Fell from the grace of Zin
  5070 | D:5      | Became a worshipper of the Shining One
  5184 | D:5      | Found an ancient bone altar of Kikubaaqudgha.
  5296 | D:6      | Reached skill level 1 in Invocations
  5349 | D:6      | Noticed a troll
  5363 | D:6      | Killed a troll
  5363 | D:6      | Reached skill level 5 in Fighting
  5363 | D:6      | Reached XP level 9. HP: 37/68 MP: 11/11
  5683 | D:6      | Reached * piety under the Shining One
  5866 | D:6      | Reached skill level 5 in Invocations
  6214 | D:6      | Found Eloduharghu's Book Shop.
  6231 | D:6      | Got a distressingly furry ring mail
  6242 | D:6      | Identified the cursed +0 ring mail of Rynatso {rN+ Dex+4
                  | Slay-6} (You found it on level 6 of the Dungeon)
  6957 | D:7      | Reached XP level 10. HP: 76/76 MP: 14/14
  7268 | D:8      | Found a sacrificial altar of Ru.
  7280 | D:8      | Reached ** piety under the Shining One
  7298 | D:8      | Reached skill level 5 in Slings
  7305 | D:8      | Noticed Harold
  7321 | D:8      | Killed Harold
  7570 | D:8      | Found a shimmering altar of Xom.
  7742 | D:8      | Found a sacrificial altar of Ru.
  8116 | D:8      | Found a burning altar of Makhleb.
  8137 | D:8      | Found a staircase to the Lair.
  8472 | D:9      | Noticed Pikel
  8503 | D:9      | Killed Pikel
  8503 | D:9      | Reached XP level 11. HP: 76/83 MP: 16/16
  8573 | D:9      | Found a radiant altar of Vehumet.
  8631 | D:9      | Noticed a two-headed ogre
  8642 | D:9      | Killed a two-headed ogre
  8812 | D:9      | Found a shimmering blue altar of Sif Muna.
  9073 | D:10     | Entered Level 10 of the Dungeon
 10033 | D:11     | Noticed a tengu warrior
 10042 | D:11     | Noticed a tengu warrior
 10050 | D:11     | Killed a tengu warrior
 10056 | D:11     | Killed a tengu warrior
 10732 | D:11     | Noticed a five-headed hydra
 10742 | D:11     | Killed a five-headed hydra
 11040 | D:11     | Reached XP level 12. HP: 91/91 MP: 18/18
 11095 | D:11     | Reached *** piety under the Shining One
 11154 | D:11     | Reached skill level 10 in Long Blades
 11815 | D:12     | Noticed an unseen horror
 11821 | D:12     | Killed an unseen horror
 11904 | D:12     | Reached skill level 10 in Shields
 11937 | D:12     | You fall into a shaft and drop 3 floors!
 11937 | D:15     | Entered Level 15 of the Dungeon
 11974 | D:15     | Noticed Nessos
 11978 | D:15     | Killed Nessos
 12013 | D:14     | Found a gate to the Vaults.
 12013 | D:14     | Noticed a vault guard
 12013 | D:14     | Noticed a fire dragon
 12040 | D:14     | You fall into a shaft and drop 1 floor!
 12099 | D:14     | Found a flickering gateway to a bazaar.
 12101 | D:14     | The Shining One protects you from harm!
 12106 | D:14     | Killed from afar by a fire dragon

Illustrated notes

Levels and vault maps discovered:
D:1:      roderic_octagonal_star, layout_basic
D:2:      layout_basic, lemuel_doored_altar, kennysheep_slug_shrine,
          chequers_ecumenical_altar_twisty, minmay_quantized
D:3:      layout_loops_ring, nicolae_qazlal_eye_of_the_storm,
          nicolae_overflow_hidden_temple, first_ration, grunt_decor_arrowhead
D:4:      layout_basic, lemuel_crystal_altar, minmay_temple_entry_overgrown,
          nemelex_dance_club_becter, uniq_sigmund, uniq_robin
D:5:      layout_basic, kennysheep_mini, old_standard_altar,
          chequers_temple_overflow_statue_of_worship,
          kennysheep_okawaru_gauntlet
D:6:      layout_rooms, serial_shops, nicolae_shop_waterfront
D:7:      layout_basic, grunt_ogre_cave, kennysheep_cross_room
D:8:      layout_basic, lightli_temple_of_fire, old_standard_altar,
          grunt_lair_entry_orc_guard_hut, basic_altar, serial_rivers,
          chequers_serial_rivers_room_a, chequers_serial_rivers_room_b,
          chequers_serial_rivers_micro_b, chequers_serial_rivers_marsh,
          chequers_serial_rivers_micro_a, nicolae_ru_awakened_eye, uniq_harold
D:9:      layout_roguey, lemuel_coloured_pillars_altar, vehumet_crystals,
          uniq_pikel
D:10:     layout_loops_ring
D:11:     layout_loops_ring, nicolae_underground_beach
D:12:     layout_rooms, orc_0_dummy, nrook_guardian_serpent_ordinary
D:14:     minmay_crescents, layout_irregular_city, david_vaults_5,
          lemuel_tele_altar, serial_shops, bzr_entry_islet,
          kennysheep_flooded_box, lemuel_nasty_fountain
D:15:     grunt_enter_depths_snipers, layout_loops_cross,
          grunt_decor_mini_mirrors, fedhas_bush_and_centaur_altar, uniq_nessos
Temple:   compressed_dpeg_triangle_lava_temple

Skill      XL: |  1  2  3  4  5  6  7  8  9 10 11 12 |
---------------+-------------------------------------+-----
Shields        | 4 5 6 7 8 9 10 | 10.1
Throwing       | 1 2 |  2.7
Long Blades    | 3 4 5 6 7 8 9 10 | 10.7
Armour         | 4 5 6 7 |  7.8
Fighting       | 4 5 6 7 8 |  8.2
Dodging        | 1 |  1.3
Slings         | 2 4 6 7 8 |  8.0
Invocations    | 2 5 7 8 9 |  9.7
Short Blades   | |  0.6
Stealth        | |  0.7

Action                   |  1- 3 |  4- 6 |  7- 9 | 10-12 || total
-------------------------+-------+-------+-------+-------++-------
Melee: Long sword        |    79 |   168 |   224 |       ||   471
       Dagger            |       |    11 |       |       ||    11
       Scimitar          |       |       |    22 |   242 ||   264
       Great sword       |       |       |       |   113 ||   113
 Fire: Hunting sling     |       |       |    76 |   171 ||   247
Throw: Stone             |    40 |    34 |    31 |       ||   105
       Boomerang         |       |       |       |     7 ||     7
Invok: Divine Shield     |       |       |       |     2 ||     2
 Abil: Dig               |     2 |     4 |     3 |    12 ||    21
       Shaft Self        |       |       |       |     2 ||     2
  Use: Scroll            |     2 |     7 |     7 |    11 ||    27
       Potion            |       |     4 |     1 |     3 ||     8
 Stab: Invisible         |       |     1 |       |       ||     1
  Eat: Chunk             |       |     9 |    12 |    17 ||    38
Armor: Scale mail        |    41 |     5 |       |       ||    46
       Plate armour      |       |    63 |    64 |   104 ||   231
Dodge: Dodged            |    33 |    23 |    33 |    84 ||   173
       Repelled          |       |       |       |     1 ||     1
Block: Kite shield       |    45 |    81 |   176 |   304 ||   606
       Reflection        |       |       |     5 |    13 ||    18
       Rpst.: Long sword |     7 |     7 |    10 |       ||    24
       Scimitar          |       |       |       |    15 ||    15
       Great sword       |       |       |       |     8 ||     8
